Map: Emerald City LE

Players

OMǂJeckel

  • Race: Zerg Zerg
  • Spawn Location: 5:00

Heckel

  • Race: Zerg Zerg
  • Spawn Location: 5:00

Massa - Winner!

  • Race: Terran Terran
  • League: Platinum
  • Spawn Location: 11:00

qqq - Winner!

  • Race: Zerg Zerg
  • League: Platinum
  • Spawn Location: 11:00

VOD

Have the link to the VOD?

Description

Time

  • Played on: Sept. 6, 2020, 9:56 a.m.
  • Length: 15:53
Show
View Real Time Build Order
Export as new Build Order

OMǂJeckel Zerg 

Build Orders: Pool First 

Get SALT Encoding   

  12  0:01  Drone  
  13  0:10  Drone  
  14  0:16  Overlord  
  14  0:35  Drone x2  
  16  0:41  Spawning Pool  
  15  0:45  Drone  
  16  0:52  Drone  
  17  0:58  Drone  
  17  0:59  Extractor  
  17  1:07  Overlord  
  17  1:18  Drone  
  18  1:29  Hatchery  
  17  1:34  Zergling x2  
  18  1:42  Queen  
  20  1:57  Drone x2  
  20  1:59  Metabolic Boost  
  22  2:11  Zergling x2  
  23  2:25  Queen  
  23  2:26  Drone x2  
  27  2:40  Drone  
  28  2:45  Drone x2  
  30  2:52  Queen  
  30  2:56  Drone x4  
  36  3:00  Overlord  
  36  3:15  Extractor  
  36  3:16  Lair  
  36  3:17  Drone  
  36  3:19  Drone x2  
  38  3:33  Drone  
  38  3:34  Drone x4  
  42  3:40  Drone  
  44  3:42  Overlord  
  44  3:51  Evolution Chamber  
  44  3:52  Evolution Chamber  
  43  3:55  Drone x2  
  43  4:01  Roach Warren  
  42  4:04  Zergling x2  
  42  4:05  Zergling x2  
  44  4:13  Spine Crawler  
  43  4:17  Spine Crawler  
  43  4:18  Spine Crawler  
  43  4:21  Zergling x12  
  47  4:25  Overlord  
  44  4:47  Roach x3  
  44  4:49  Roach x2  
  44  4:50  Roach x2  
  52  5:03  Zergling x8  
  54  5:10  Zergling x2  
  54  5:11  Zergling x2  
  56  5:25  Glial Reconstitution  
  56  5:26  Zerg Missile Weapons Level 1  
  56  5:28  Zerg Ground Armor Level 1  
  56  5:29  Zergling x8  
  56  5:30  Zergling x2  
  55  5:45  Drone x3  
  53  6:14  Roach x3  
  53  6:15  Zergling x2  
  53  6:16  Overlord x3  
  60  6:37  Roach x2  
  60  6:38  Roach x3  
  70  6:42  Hatchery  
  62  7:14  Roach x7  
  62  7:15  Roach x3  
  82  7:19  Overlord  
  82  7:26  Zerg Missile Weapons Level 2  
  82  7:43  Extractor  
  81  7:45  Extractor, Hatchery  
  79  7:54  Roach x6  
  79  7:57  Overlord x3  
  87  8:16  Roach  
  87  8:17  Roach x4  
  62  8:36  Roach  
  62  8:37  Roach x4  
  70  8:41  Roach  
  71  8:57  Roach  
  71  8:58  Roach x2  
  77  9:20  Roach x2  
  77  9:21  Roach x3  
  77  9:23  Zergling x8  
  91  9:38  Drone x3  
  87  10:00  Zergling x8  
  87  10:01  Zergling x2  
  87  10:05  Overseer  
  92  10:07  Overseer x5  
  92  10:23  Hatchery  
  92  10:24  Drone x5  
  96  10:32  Hatchery  
  61  11:03  Zergling x24  
  59  11:33  Drone x10  
  59  11:39  Zergling x2  
  60  12:02  Roach  
  60  12:03  Roach x12  
  60  12:05  Zergling x2  
  81  12:26  Zergling x16  
  82  12:36  Drone x4  
  82  12:37  Drone x4  
  81  13:06  Drone x8  
  81  13:07  Queen  
  81  13:09  Queen  
  90  13:36  Zergling x2, Roach  
  90  13:37  Roach x9  
  90  13:38  Zergling x2  
  92  14:10  Roach  
  92  14:11  Roach x9  
  92  14:12  Overlord x6  
  92  14:13  Overlord x2  
  91  14:31  Zergling x2  
  91  14:32  Zergling x6  
  87  14:45  Zergling x2, Roach  
  81  14:46  Zergling x20, Roach  
  86  14:58  Roach  
  86  14:59  Roach x4  
  83  15:09  Roach x3  
  73  15:22  Roach  
  73  15:23  Roach x7  
  89  15:29  Zergling x8  
  89  15:30  Zergling x12  
Show
View Real Time Build Order
Export as new Build Order

Heckel Zerg 

Build Orders: Hatch First, Roach Hydra 

Get SALT Encoding   

  12  0:00  Drone  
  13  0:12  Overlord  
  13  0:19  Drone  
  14  0:30  Drone x2  
  14  0:34  Drone  
  17  0:54  Hatchery  
  17  0:56  Drone  
  17  1:00  Drone  
  18  1:10  Extractor  
  17  1:15  Spawning Pool  
  17  1:18  Drone  
  17  1:21  Drone  
  18  1:27  Drone  
  19  1:39  Drone  
  20  1:50  Overlord  
  20  2:03  Queen  
  20  2:06  Queen  
  20  2:07  Zergling x4  
  26  2:11  Metabolic Boost  
  26  2:17  Drone x2  
  28  2:25  Drone  
  30  2:30  Drone  
  29  2:39  Drone x2  
  31  2:45  Drone  
  32  2:56  Drone x2  
  34  3:01  Overlord  
  34  3:06  Drone  
  34  3:12  Overlord  
  35  3:21  Drone x4  
  35  3:22  Drone x3  
  42  3:29  Extractor  
  42  3:30  Extractor  
  42  3:31  Hatchery  
  42  3:33  Roach Warren  
  38  3:36  Queen, Evolution Chamber  
  39  3:44  Drone x4  
  43  3:49  Extractor  
  42  3:56  Zergling x2  
  42  3:59  Drone x7  
  50  4:08  Zergling x2  
  51  4:12  Spine Crawler  
  51  4:17  Zergling x2  
  51  4:22  Overlord  
  51  4:24  Overlord  
  50  4:37  Roach  
  52  4:43  Roach x5  
  62  4:45  Lair  
  62  4:47  Zerg Missile Weapons Level 1  
  61  4:53  Roach x2  
  61  4:55  Roach x2  
  65  5:12  Drone x2  
  67  5:15  Drone x2, Evolution Chamber  
  67  5:17  Overlord x2  
  68  5:37  Hatchery  
  68  5:40  Zerg Ground Armor Level 1  
  67  5:43  Glial Reconstitution  
  67  5:47  Drone  
  68  5:53  Drone x7  
  59  6:12  Roach x4  
  63  6:19  Overseer  
  63  6:20  Overseer  
  63  6:21  Hydralisk Den  
  57  6:36  Roach x8  
  71  6:51  Hydralisk x4  
  71  6:54  Grooved Spines  
  79  7:02  Hatchery  
  79  7:03  Hatchery  
  79  7:04  Overlord x2  
  77  7:15  Hydralisk  
  77  7:16  Roach  
  77  7:17  Roach  
  77  7:18  Overlord  
  83  7:26  Zergling x2  
  83  7:28  Zergling x2  
  85  7:36  Roach x4  
  93  7:39  Zerg Missile Weapons Level 2  
  89  7:52  Roach x5  
  89  7:56  Overlord  
  98  8:05  Muscular Augments  
  84  8:10  Roach  
  84  8:11  Roach x4  
  70  8:20  Zerg Ground Armor Level 2  
  66  8:27  Hydralisk x2  
  68  8:38  Hydralisk x2  
  72  8:54  Hydralisk  
  72  8:55  Hydralisk x3  
  80  9:00  Drone x2  
  80  9:01  Baneling Nest  
  81  9:06  Drone, Spine Crawler  
  81  9:11  Drone x2  
  81  9:14  Drone x2  
  81  9:15  Drone  
  86  9:23  Drone x4  
  90  9:24  Drone  
  89  9:33  Zergling x8  
  87  9:51  Baneling Nest  
  86  9:54  Drone x3  
  86  9:55  Drone x2  
  86  9:57  Baneling Nest  
  90  10:03  Drone x5  
  90  10:06  Spine Crawler  
  94  10:07  Spine Crawler  
  93  10:24  Zergling x2  
  93  10:25  Zergling x24  
  105  10:34  Centrifical Hooks  
  103  10:36  Zergling x2  
  103  10:37  Hydralisk x3  
  103  10:41  Overlord x2  
  103  10:42  Spine Crawler x2  
  108  10:52  Baneling  
  108  10:53  Baneling x7  
  110  10:57  Drone x3  
  111  11:05  Baneling x9  
  111  11:08  Hydralisk x2  
  107  11:21  Baneling x2  
  107  11:22  Zergling x16  
  107  11:25  Drone x3  
  115  11:46  Hydralisk x7  
  114  11:55  Zergling x2  
  114  11:56  Zergling x8  
  114  11:57  Hatchery  
  98  12:08  Drone  
  98  12:09  Drone x3  
  102  12:16  Baneling  
  102  12:17  Baneling x9  
  102  12:24  Drone x4  
  106  12:34  Spine Crawler x2  
  106  12:35  Spine Crawler  
  106  12:36  Hatchery  
  102  12:38  Drone  
  102  12:41  Infestation Pit  
  102  12:46  Drone x7  
  108  12:55  Zergling x8  
  108  12:56  Zergling x6  
  112  13:03  Spire  
  111  13:08  Drone x4  
  111  13:09  Drone x4  
  119  13:14  Zergling x2  
  119  13:15  Zergling x4  
  120  13:27  Extractor  
  120  13:28  Extractor  
  120  13:29  Drone x2  
  120  13:30  Drone, Extractor x2  
  120  13:32  Drone x3  
  122  13:34  Drone x3  
  122  13:35  Drone x3  
  122  13:37  Overlord x3  
  124  13:46  Roach  
  124  13:47  Roach x3  
  129  13:52  Hydralisk x7  
  114  14:03  Drone x6  
  114  14:06  Drone x3  
  114  14:09  Zergling x2  
  116  14:10  Zergling x2  
  116  14:12  Baneling  
  117  14:17  Zergling x6  
  118  14:27  Baneling Nest  
  105  14:32  Zergling x4  
  105  14:33  Zergling x18  
  108  14:42  Roach x5  
  115  14:49  Mutalisk x6  
  98  15:04  Mutalisk x2  
  98  15:05  Mutalisk x7  
  113  15:13  Hydralisk x3  
Show
View Real Time Build Order
Export as new Build Order

Massa Terran - Winner!

Build Orders: Gas First Reaper Expand 

Get SALT Encoding   

  12  0:00  SCV  
  13  0:12  SCV  
  14  0:17  Supply Depot  
  14  0:24  SCV  
  15  0:31  Refinery  
  15  0:43  Barracks  
  15  0:46  SCV  
  16  0:58  SCV  
  17  1:10  SCV  
  18  1:22  SCV  
  19  1:28  Supply Depot  
  19  1:31  Reaper  
  20  1:43  Command Center  
  21  1:54  Orbital Command  
  20  2:03  Marine  
  21  2:12  Factory  
  21  2:19  SCV  
  22  2:25  Refinery  
  22  2:32  SCV  
  23  2:53  Barracks Reactor  
  23  2:56  Factory Tech Lab  
  23  3:00  Orbital Command  
  23  3:01  SCV  
  23  3:05  Barracks  
  24  3:13  SCV  
  25  3:25  SCV  
  25  3:37  SCV  
  25  3:38  Hellion x2  
  25  3:40  Marauder  
  32  3:41  Stimpack  
  32  3:48  SCV  
  32  3:49  SCV  
  32  3:55  Barracks Reactor  
  34  3:59  Hellion x2  
  38  4:11  SCV  
  38  4:12  SCV  
  38  4:16  Command Center  
  40  4:21  Hellion x2  
  40  4:23  Marauder  
  46  4:29  Supply Depot  
  46  4:32  Supply Depot  
  46  4:50  SCV x2  
  48  4:53  Marine x2  
  48  4:56  Marauder  
  52  5:03  SCV x2  
  52  5:06  Engineering Bay  
  54  5:11  Marine x2  
  54  5:12  Widow Mine x2  
  60  5:15  SCV  
  60  5:17  Starport  
  61  5:22  Supply Depot  
  61  5:25  Supply Depot  
  61  5:28  Marauder  
  63  5:29  Marine  
  63  5:34  Widow Mine x2  
  68  5:57  Viking  
  54  6:18  Hellion x2  
  58  6:20  Marine x2  
  58  6:21  Marauder  
  62  6:26  Barracks  
  62  6:27  Medivac  
  62  6:31  Refinery, Missile Turret  
  64  6:37  Marine  
  64  6:38  Marine, Missile Turret  
  64  6:39  SCV x2, Hellion x2  
  72  6:43  Marauder  
  74  6:53  Missile Turret  
  74  6:55  Marine x2  
  74  6:58  Missile Turret  
  74  7:01  Hellion x2  
  80  7:04  Marauder  
  82  7:10  Terran Infantry Weapons Level 1  
  82  7:13  Marine x2  
  84  7:17  Engineering Bay  
  84  7:19  Missile Turret  
  84  7:22  Armory  
  84  7:26  Barracks Reactor, Marauder  
  84  7:29  Medivac  
  88  7:34  Orbital Command, Command Center  
  88  7:36  SCV x2  
  90  7:43  Combat Shield  
  90  7:47  Marauder  
  90  7:48  SCV x2  
  90  7:59  Medivac  
  90  8:00  SCV  
  93  8:10  SCV  
  93  8:12  SCV  
  92  8:16  Supply Depot  
  92  8:17  Supply Depot  
  92  8:18  Supply Depot  
  81  8:23  SCV  
  81  8:24  SCV  
  76  8:30  Marauder, Marine  
  76  8:31  Marine x3  
  75  8:40  Supply Depot  
  75  8:41  Supply Depot  
  75  8:42  Supply Depot  
  75  8:48  Marine  
  73  8:49  Marine x3  
  73  8:51  Marauder  
  79  8:57  Orbital Command  
  79  9:02  Concussive Shells  
  79  9:05  Terran Infantry Armor Level 1  
  79  9:06  Terran Infantry Weapons Level 2, Marine x4  
  83  9:13  Marauder  
  81  9:23  Orbital Command  
  81  9:24  Marine x4  
  81  9:26  Widow Mine x2  
  89  9:34  Marauder  
  89  9:35  Factory  
  91  9:41  SCV x2, Marine  
  91  9:42  Marine x2  
  96  9:46  Orbital Command  
  96  9:47  Widow Mine  
  96  9:48  Widow Mine  
  100  9:53  SCV  
  100  9:54  SCV  
  100  9:56  Marauder  
  104  10:05  SCV  
  104  10:06  SCV x2  
  107  10:17  SCV, Marauder, Supply Depot  
  107  10:18  SCV  
  107  10:19  SCV  
  112  10:29  SCV  
  112  10:30  SCV  
  114  10:38  Marauder  
  114  10:39  Supply Depot  
  109  11:02  Supply Depot  
  102  11:19  Marauder  
  102  11:20  Marine x4  
  108  11:27  SCV, Supply Depot  
  108  11:28  SCV x3  
  112  11:37  Marine  
  112  11:38  Marine x3  
  112  11:39  SCV  
  117  11:40  SCV x3  
  117  11:41  Marauder  
  120  11:50  Supply Depot  
  120  11:51  SCV  
  120  11:52  SCV x3  
  117  11:55  Marine  
  117  11:56  Marine x3  
  109  12:02  Marauder  
  101  12:12  Refinery, Barracks  
  101  12:13  Barracks, Marine x3  
  101  12:14  Barracks, Marine  
  101  12:15  Barracks  
  99  12:23  Terran Infantry Armor Level 2, Marauder, Command Center  
  99  12:24  Terran Infantry Weapons Level 3  
  101  12:31  Marine x4, Medivac  
  107  12:43  Hellion x2  
  111  12:45  Marauder  
  113  12:51  Factory  
  113  12:52  Factory  
  113  13:00  Terran Vehicle Weapons Level 1  
  113  13:01  Medivac  
  113  13:04  Hellion x2  
  119  13:06  Marauder  
  119  13:12  Armory  
  121  13:25  Hellion  
  121  13:26  Hellion  
  125  13:31  Medivac  
  127  13:41  Factory Tech Lab x2  
  127  13:44  Barracks Reactor, Marauder  
  127  13:45  Barracks Tech Lab x2  
  127  13:46  Barracks Tech Lab  
  127  13:47  Hellion x2  
  127  13:48  Marine x4  
  137  14:01  Medivac  
  139  14:05  Marauder  
  139  14:06  Marine x4  
  139  14:23  Marine  
  135  14:24  Marine x3  
  135  14:27  Marauder  
  135  14:31  Medivac  
  133  14:41  Marine  
  133  14:42  Marine x3  
  128  14:48  Marauder  
  113  15:07  Planetary Fortress  
  113  15:10  Marauder  
  113  15:11  SCV x4  
  117  15:19  Siege Tank x2  
  123  15:23  SCV x4, Hellion x2  
  129  15:35  SCV x2  
Show
View Real Time Build Order
Export as new Build Order

qqq Zerg - Winner!

Build Orders: Hatch First 

Get SALT Encoding   

  12  0:01  Drone  
  13  0:09  Drone  
  14  0:35  Hatchery  
  14  0:41  Drone  
  14  0:56  Spawning Pool  
  13  1:03  Overlord  
  13  1:07  Extractor  
  13  1:10  Drone  
  13  1:14  Drone  
  14  1:23  Drone  
  15  1:28  Drone  
  16  1:36  Drone  
  17  1:44  Queen  
  19  1:56  Queen  
  19  2:00  Drone  
  22  2:10  Zergling x2  
  22  2:11  Zergling x2  
  22  2:12  Drone  
  25  2:22  Drone x2  
  26  2:27  Metabolic Boost  
  26  2:33  Drone  
  26  2:35  Drone  
  28  2:43  Overlord  
  28  2:49  Evolution Chamber  
  28  2:50  Drone  
  28  2:59  Overlord  
  28  3:11  Zergling x4  
  28  3:12  Zergling x4  
  32  3:13  Drone  
  32  3:14  Zergling x2  
  32  3:19  Zerg Melee Weapons Level 1  
  34  3:21  Zergling x2  
  34  3:25  Drone  
  36  3:27  Drone  
  36  3:31  Zergling x2  
  38  3:38  Zergling x2  
  38  3:39  Overlord  
  38  3:40  Zergling x2  
  40  3:43  Drone  
  40  3:46  Drone  
  42  3:50  Zergling x2  
  42  4:07  Zergling x8  
  42  4:08  Zergling x8  
  50  4:20  Zergling x4  
  52  4:24  Overlord  
  52  4:25  Overlord x2  
  46  4:45  Zergling x4  
  46  4:46  Drone  
  46  4:47  Zergling x2  
  43  5:04  Zergling x6  
  43  5:05  Zergling x8  
  42  5:16  Zerg Ground Armor Level 1, Zergling x2  
  43  5:30  Drone x2  
  43  5:31  Zergling x2  
  46  5:37  Hatchery  
  45  5:47  Hatchery  
  45  5:48  Zergling x4  
  45  5:49  Drone  
  48  5:50  Drone  
  46  6:07  Zergling x6  
  46  6:08  Drone x2, Zergling x2  
  46  6:09  Drone  
  49  6:17  Zergling x2  
  49  6:18  Drone  
  51  6:37  Zergling x8  
  51  6:38  Drone x4  
  59  6:41  Spore Crawler  
  59  6:44  Spore Crawler  
  59  6:46  Lair  
  57  6:51  Zergling x2  
  57  6:52  Drone x2  
  55  7:08  Zergling x2  
  55  7:09  Zergling x6  
  58  7:20  Zergling x2  
  58  7:21  Zergling x4  
  61  7:26  Drone  
  61  7:28  Queen  
  64  7:30  Queen  
  64  7:31  Drone x3  
  69  7:44  Hatchery  
  68  7:48  Extractor, Hatchery  
  68  7:49  Hatchery  
  65  7:53  Zergling x10  
  65  7:54  Drone x2, Zergling x2  
  65  7:55  Drone x4  
  70  8:15  Zergling x2  
  70  8:16  Zergling x12  
  70  8:17  Zergling x8  
  68  8:37  Zergling x8  
  68  8:38  Zergling x4  
  68  8:39  Drone x3  
  77  8:43  Zerg Melee Weapons Level 2  
  77  8:44  Infestation Pit  
  77  8:45  Extractor  
  75  8:56  Zergling x4  
  75  8:57  Zergling x4  
  75  8:58  Drone x5  
  75  8:59  Drone  
  75  9:00  Drone  
  86  9:04  Drone  
  87  9:12  Drone x6  
  87  9:13  Drone x2, Zergling x2  
  87  9:14  Zergling x4  
  88  9:45  Zergling x4  
  88  9:46  Zergling x6  
  88  9:47  Overlord x5  
  88  9:48  Overlord  
  83  9:56  Drone x7  
  83  9:57  Drone x3  
  92  10:01  Spine Crawler  
  92  10:02  Spine Crawler  
  92  10:07  Spine Crawler  
  89  10:08  Spine Crawler  
  89  10:10  Hive  
  88  10:18  Extractor  
  87  10:22  Zergling x12  
  87  10:23  Drone x2, Zergling x2  
  87  10:24  Drone x2, Zergling x8  
  87  10:25  Drone x2, Zergling x8  
  87  10:26  Drone x3  
  109  10:32  Spine Crawler  
  109  10:35  Spine Crawler  
  104  10:40  Zergling x4  
  104  10:41  Zergling x8  
  102  10:43  Queen  
  96  10:51  Zergling x4  
  96  10:52  Zergling x8  
  96  10:53  Zergling x14  
  106  10:59  Zerg Ground Armor Level 2  
  101  11:17  Zergling x4  
  101  11:18  Queen, Zergling x8  
  105  11:19  Zergling x14  
  105  11:20  Zergling x4  
  113  11:34  Ultralisk Cavern  
  103  11:44  Zergling x6  
  103  11:45  Zergling x8  
  103  11:46  Zergling x10  
  81  12:02  Zergling x10  
  81  12:03  Zergling x10  
  81  12:04  Zergling x2  
  89  12:14  Extractor  
  89  12:15  Hatchery, Drone  
  87  12:16  Hatchery, Spine Crawler  
  87  12:17  Zergling x4  
  84  12:29  Queen  
  82  12:32  Spore Crawler  
  82  12:39  Zergling x6  
  82  12:40  Ultralisk x4  
  82  12:42  Ultralisk x4  
  125  12:58  Ultralisk x2  
  124  13:10  Anabolic Synthesis  
  123  13:17  Extractor  
  123  13:18  Drone x3, Extractor  
  120  13:22  Hatchery  
  116  13:38  Drone x3  
  116  13:41  Spine Crawler  
  118  13:45  Drone x3, Spine Crawler  
  118  13:46  Ultralisk x2  
  118  13:47  Zergling x6  
  118  13:48  Zergling x2  
  104  13:56  Hatchery  
  91  14:05  Zergling x6  
  91  14:06  Zergling x2  
  89  14:16  Ultralisk  
  96  14:17  Zergling x2  
  96  14:18  Drone x6  
  96  14:19  Drone x2  
  96  14:22  Zergling x12  
  96  14:23  Chitinous Plating  
  110  14:26  Zergling x2  
  110  14:27  Zergling x6  
  110  14:33  Drone x3  
  110  14:35  Zergling x8  
  101  15:11  Zergling x2, Ultralisk x2  
  101  15:12  Zergling x14  
  101  15:13  Zergling x8  
  121  15:33  Spore Crawler  
  121  15:34  Drone x5, Spore Crawler  
  121  15:35  Drone  
  125  15:37  Spore Crawler  
  125  15:42  Spore Crawler  
  122  15:43  Spore Crawler  
  122  15:46  Spine Crawler  
Tags
 
Add a new tag
Caveats
  • Supply blocks, unpowered buildings, or Contaminate may cause inaccurate times.
  • Supply counts are checked every 10 seconds.